 Dungeon Crawl Stone Soup version 0.28-a0-1524-ge72afd5fc6 (webtiles) character file.

Game seed: 1356071172651548287

56 psuckher the Sneak (level 3, 0/30 HPs)
             Began as a Barachi Delver on Jan 17, 2022.
             Succumbed to a scorpion's poison
             ... on level 5 of the Dungeon.
             The game lasted 00:00:51 (72 turns).

psuckher the Sneak (Barachi Delver)                   Turns: 72, Time: 00:00:52

Health: 0/30       AC:  3    Str: 20    XL:     3   Next: 97%
Magic:  3/3        EV: 12    Int: 10    God:
Gold:   15         SH:  0    Dex: 13    Spells: 2/2 levels left

rFire   . . .      SeeInvis .   d - +3 flail of the Insatiable Mystics {freeze, Str+5}
rCold   . . .      Faith    .   (no shield)
rNeg    . . .      Spirit   .   b - +0 leather armour
rPois   .          Reflect  .   (no helmet)
rElec   .          Harm     .   (no cloak)
rCorr   .          Rampage  .   (no gloves)
Will    .....                   (no boots)
Stlth   +++.......              (no amulet)
HPRegen 0.10/turn               (no ring)
MPRegen 0.08/turn               (no ring)

@: lethally poisoned (0 -> -2), slow
A: amphibious, slowness 1, strong legs 1, +LOS
a: Hop


You were on level 5 of the Dungeon.
You visited 1 branch of the dungeon, and saw 1 of its levels.

You collected 15 gold pieces.

Inventory:

Hand Weapons
 a - a +0 falchion
 d - the +3 flail of the Insatiable Mystics (weapon) {freeze, Str+5}
   (You found it on level 5 of the Dungeon)

   It freezes those it strikes, dealing additional cold damage.
   It can also slow down cold-blooded creatures.
   Str:       It affects your strength (+5).
Armour
 b - a +0 leather armour (worn)
Wands
 g - a wand of digging (3)
Scrolls
 c - a scroll of fog
 e - a scroll of fear
Potions
 f - a potion of haste


   Skills:
 + Level 3.9 Fighting
 + Level 2.6 Long Blades
 + Level 0.2 Maces & Flails
 + Level 3.0 Dodging
 + Level 5.2 Stealth


You had 2 spell levels left.
You didn't know any spells.
Your spell library was empty.

Dungeon Overview and Level Annotations

Branches:
Dungeon (5/15)
 Temple: D:4-7

Altars:


Innate Abilities, Weirdness & Mutations

You are amphibious.
You cover ground slowly.
You can hop short distances.
You have an extended range of vision and can be seen from far away.


Message History

The goblin closely misses you.
You completely miss the goblin.
The goblin is severely wounded.
The goblin hits you but does no damage.
You slash the goblin!
You kill the goblin!
d - the +3 flail of the Insatiable Mystics {freeze, Str+5} You feel stronger.
The +3 flail of the Insatiable Mystics {freeze, Str+5} glows with a cold blue light!
d - the +3 flail of the Insatiable Mystics (weapon)
{freeze, Str+5} The scorpion stings you but does no damage.
You closely miss the scorpion. The scorpion stings you.
The scorpion stings you but does no damage.
You thump the scorpion! You freeze the scorpion.
The scorpion is almost dead.
The scorpion misses you.
You barely miss the scorpion.
The scorpion is almost dead.
The scorpion stings you!
You are poisoned.
The scorpion poisons you! The scorpion stings you.
You sock the scorpion! You freeze the scorpion.
You kill the scorpion!
* * * LOW HITPOINT WARNING * * *
You feel very sick.
Your Dodging skill increases to level 3!
Your Stealth skill increases to level 5!
You have reached level 2!
You have reached level 3!
Your experience leads to an increase in your attributes!
Your base attributes are Str 13, Int 10, Dex 13.
Increase (S)trength, (I)ntelligence, or (D)exterity?
You feel stronger. x2
* * * LOW HITPOINT WARNING * * *
You feel sick.
* * * LOW HITPOINT WARNING * * *
You feel sick.
* * * LOW HITPOINT WARNING * * *
You feel sick.
You die...

#...#,,+...##**,*****
#...#,,*,⌠,#,,*,,**,*
###...#,,*,..#,,*,,,,,,
#..##.####..#*+**,,,,,,
#...#.......#,,,*,,,,,,
#.......P...#,,,*,,,,,,
##..$.####..+,,,*,***,,
****#..##.#.)#,.#****,***,,
**,,,#..#..@..#,,,*,,*,,,,,,
*,,,.s.,#..####,,,+,,*,,*,**
***.........,,,,,,****,,****
##.....#...,,,,,,,,,,,,***
####.......,,,,<,,,,,,,**
**##.......,,,,,,,,,,,,,
**,,.........,,,,,,,,,,,,
*,,,..........,,,,,,,,,,,
**,n...........,,,,,,,,,,


There were no monsters in sight!

Vanquished Creatures
  A scorpion (D:5)
  A goblin (D:5)
2 creatures vanquished.

Notes
Turn   | Place    | Note
-------+----------+-------------------------------------------
     0 | D:5      | psuckher the Barachi Delver began the quest for the Orb.
     0 | D:5      | Reached XP level 1. HP: 18/18 MP: 1/1
    47 | D:5      | Noticed a scorpion
    54 | D:5      | Noticed a necrophage
    58 | D:5      | Identified the +3 flail of the Insatiable Mystics {freeze,
                  | Str+5}
    68 | D:5      | Killed a scorpion
    69 | D:5      | Reached skill level 5 in Stealth
    69 | D:5      | Reached XP level 2. HP: 5/25 MP: 2/2
    69 | D:5      | Reached XP level 3. HP: 6/30 MP: 3/3
    72 | D:5      | Succumbed to a scorpion's poison

Illustrated notes

Levels and vault maps discovered:
D:5:      corexii_shack_village, layout_cave_pools, uniq_edmund

Skill      XL: |  1 |
---------------+----+-----
Dodging        | 3 |  3.0
Stealth        | 5 |  5.2
Fighting       | |  3.9
Long Blades    | |  2.6
Maces & Flails | |  0.2

Action                   || total
-------------------------++-------
Melee: Flail             ||     4
       Falchion          ||     4
  Use: Scroll            ||     1
Armor: Leather armour    ||     5
Dodge: Dodged            ||     2

Table legend: (Time is in decaauts)
 A = Elapsed time spent in this place.
 B = Non-inter-level travel time spent in this place.
 C = Inter-level travel time spent in this place.
 D = Time resting spent in this place.
 E = Time spent auto-exploring this place.
 F = Levels seen in this place.
 G = Mean time per level.
                   A        B        C        D        E       F      G
               +--------+--------+--------+--------+--------+-----+--------+
         Total |     85 |     85 |      0 |      0 |      0 |   1 |   85.0 |
       Dungeon |     85 |     85 |      0 |      0 |      0 |   1 |   85.0 |
               +--------+--------+--------+--------+--------+-----+--------+

Top non-repeatable levels by time:
     D:5: 85 daAuts
